[ AOE2 MATCH · #503494835 ]
UnrankedPortuguese vs Byzantines
[ REPLAY ANALYSIS · EXTRACTED FROM THE RECORDED GAME ]
Feudal
11:36
Castle
16:17
Imperial
42:12
| APM avg | 43.3 |
| APM peak | 88 |
| eAPM avg | 24.9 |
| Villagers / military | 195 / 94 |
Focus
⚔️ 40.4% · 🌾 59.6%
Knight ×44 · Unknown (2626) ×26 · Scout Cavalry ×22 · Organ Gun ×14 · Fishing Ship ×9 · Caravel ×7
Feudal
12:58
Castle
20:56
Imperial
36:17
| APM avg | 29.8 |
| APM peak | 61 |
| eAPM avg | 21.9 |
| Villagers / military | 127 / 115 |
Focus
⚔️ 39.2% · 🌾 60.8%
Cataphract ×53 · Fire Galley ×35 · Fishing Ship ×21 · Galley ×16 · Unknown (1795) ×11 · Monk ×9
Feudal
13:18
Castle
16:56
Imperial
39:47
| APM avg | 34.0 |
| APM peak | 73 |
| eAPM avg | 17.9 |
| Villagers / military | 112 / 84 |
Focus
⚔️ 34.2% · 🌾 65.8%
Hussite Wagon ×63 · Fishing Ship ×15 · Spearman ×14 · Trebuchet (Packed) ×5 · Monk ×2
Feudal
13:52
Castle
17:36
Imperial
34:21
| APM avg | 31.8 |
| APM peak | 86 |
| eAPM avg | 15.2 |
| Villagers / military | 109 / 11 |
Focus
⚔️ 26.8% · 🌾 73.2%
Unknown (2579) ×70 · Fishing Ship ×24 · Mangonel ×5 · Trebuchet (Packed) ×5 · Scorpion ×1
Match map
Initial resources + every placement click. Lines = walls · curves = elevation contours. ◆ gold · ⬟ stone · ● berries · ✦ relic · ◌ wall gap
Your base· Open — 6t gap
The Chancellor's base· Open — 11t gap
GAX | Gabasco's base· Open — unwalled flank
Hornet-Wing's base· Open — 9t gap
Smoothed initial terrain · ◌ = detected wall gap · hover for details
Inputs per minute
— Shotel California - - The Chancellor
Build order — Shotel California
First 150 of 490 actions detected
| 0:03 | Build | Town Center |
| 1:26 | Build | Dock |
| 1:29 | Build | House |
| 2:17 | Queue | Villager (Male) |
| 2:18 | Queue | Villager (Male) |
| 2:18 | Queue | Villager (Male) |
| 2:19 | Queue | Villager (Male) |
| 4:03 | Build | House |
| 4:04 | Queue | Fishing Ship |
| 4:04 | Queue | Fishing Ship |
| 4:08 | Research | Loom |
| 4:09 | Research | Loom |
| 4:22 | Queue | Villager (Male) |
| 4:22 | Queue | Villager (Male) |
| 4:44 | Queue | Villager (Male) |
| 4:44 | Queue | Villager (Male) |
| 5:12 | Queue | Villager (Male) |
| 5:12 | Queue | Villager (Male) |
| 5:17 | Queue | Fishing Ship |
| 5:17 | Queue | Fishing Ship |
| 5:37 | Queue | Villager (Male) |
| 5:38 | Queue | Villager (Male) |
| 5:55 | Queue | Villager (Male) |
| 5:55 | Queue | Villager (Male) |
| 6:20 | Queue | Villager (Male) |
| 6:21 | Queue | Fishing Ship |
| 6:21 | Queue | Fishing Ship |
| 6:37 | Build | House |
| 6:48 | Queue | Villager (Male) |
| 6:48 | Queue | Villager (Male) |
| 7:20 | Queue | Villager (Male) |
| 7:20 | Queue | Villager (Male) |
| 7:21 | Queue | Fishing Ship |
| 7:22 | Queue | Fishing Ship |
| 7:34 | Build | House |
| 7:59 | Queue | Villager (Male) |
| 7:59 | Queue | Villager (Male) |
| 8:24 | Build | Mining Camp |
| 8:24 | Queue | Villager (Male) |
| 8:26 | Queue | Villager (Male) |
| 8:36 | Queue | Villager (Male) |
| 9:26 | Research | Feudal Age |
| 10:09 | Build | Mill |
| 10:32 | Queue | Villager (Male) |
| 11:36 | Age | Feudal Age |
| 11:42 | Queue | Villager (Male) |
| 11:51 | Build | Market |
| 11:58 | Build | Blacksmith |
| 12:11 | Queue | Fishing Ship |
| 12:30 | Queue | Villager (Male) |
| 12:53 | Queue | Villager (Male) |
| 13:00 | Build | House |
| 13:05 | Build | House |
| 13:37 | Research | Castle Age |
| 13:38 | Research | Castle Age |
| 14:24 | Build | Lumber Camp |
| 14:53 | Queue | Villager (Male) |
| 15:00 | Build | Palisade Wall |
| 15:10 | Build | Palisade Wall |
| 15:13 | Research | Double-Bit Axe |
| 15:14 | Research | Horse Collar |
| 15:14 | Research | Horse Collar |
| 15:15 | Queue | Villager (Male) |
| 15:46 | Build | Dock |
| 15:49 | Queue | Villager (Male) |
| 16:07 | Queue | Galley |
| 16:07 | Queue | Galley |
| 16:09 | Queue | Galley |
| 16:10 | Queue | Galley |
| 16:17 | Age | Castle Age |
| 16:30 | Queue | Caravel |
| 16:30 | Queue | Caravel |
| 16:30 | Queue | Caravel |
| 16:33 | Queue | Villager (Male) |
| 16:34 | Research | Fletching |
| 16:35 | Research | Fletching |
| 16:38 | Build | House |
| 16:44 | Build | House |
| 17:06 | Queue | Unit 2626 |
| 17:11 | Queue | Caravel |
| 17:12 | Queue | Caravel |
| 17:13 | Queue | Villager (Male) |
| 17:28 | Queue | Caravel |
| 17:28 | Queue | Caravel |
| 17:32 | Queue | Villager (Male) |
| 18:02 | Research | War Galley (upgrade) |
| 18:03 | Queue | Villager (Male) |
| 18:12 | Queue | Villager (Male) |
| 18:28 | Queue | Villager (Male) |
| 18:30 | Queue | Villager (Male) |
| 18:41 | Queue | Unit 2626 |
| 18:42 | Queue | Unit 2626 |
| 18:42 | Queue | Unit 2626 |
| 18:42 | Queue | Unit 2626 |
| 18:50 | Queue | Villager (Male) |
| 18:54 | Queue | Villager (Male) |
| 19:10 | Queue | Unit 2626 |
| 19:22 | Queue | Villager (Male) |
| 19:29 | Queue | Unit 2626 |
| 19:29 | Queue | Unit 2626 |
| 19:30 | Queue | Unit 2626 |
| 20:06 | Queue | Unit 2626 |
| 20:06 | Queue | Unit 2626 |
| 20:06 | Queue | Unit 2626 |
| 20:06 | Queue | Unit 2626 |
| 20:11 | Queue | Villager (Male) |
| 20:11 | Queue | Villager (Male) |
| 20:33 | Build | House |
| 20:35 | Build | House |
| 20:36 | Queue | Villager (Male) |
| 20:56 | Research | Forging |
| 20:56 | Research | Forging |
| 20:57 | Queue | Villager (Male) |
| 20:59 | Build | House |
| 21:01 | Queue | Villager (Male) |
| 21:08 | Queue | Unit 2626 |
| 21:08 | Queue | Unit 2626 |
| 21:09 | Queue | Unit 2626 |
| 21:09 | Queue | Unit 2626 |
| 21:09 | Queue | Unit 2626 |
| 21:09 | Queue | Unit 2626 |
| 21:12 | Queue | Villager (Male) |
| 21:51 | Queue | Unit 2626 |
| 21:51 | Queue | Unit 2626 |
| 21:52 | Queue | Unit 2626 |
| 21:52 | Queue | Unit 2626 |
| 21:52 | Queue | Unit 2626 |
| 21:52 | Queue | Unit 2626 |
| 21:59 | Queue | Villager (Male) |
| 22:04 | Queue | Villager (Male) |
| 22:09 | Queue | Unit 2626 |
| 22:13 | Queue | Villager (Male) |
| 22:17 | Build | Dock |
| 22:18 | Queue | Villager (Male) |
| 23:01 | Queue | Villager (Male) |
| 23:26 | Queue | Villager (Male) |
| 23:31 | Queue | Villager (Male) |
| 23:54 | Queue | Trade Cog |
| 23:54 | Queue | Trade Cog |
| 23:54 | Queue | Trade Cog |
| 23:55 | Queue | Trade Cog |
| 24:08 | Queue | Villager (Male) |
| 24:12 | Build | Town Center |
| 24:12 | Queue | Villager (Male) |
| 24:15 | Build | Town Center |
| 24:16 | Queue | Villager (Male) |
| 24:27 | Queue | Villager (Male) |
| 24:33 | Research | Bow Saw |
| 24:34 | Queue | Villager (Male) |
| 24:41 | Queue | Villager (Male) |
Build order — The Chancellor
First 150 of 500 actions detected
| 0:12 | Build | Town Center |
| 1:24 | Build | Dock |
| 1:26 | Build | House |
| 2:29 | Queue | Villager (Male) |
| 2:29 | Queue | Villager (Male) |
| 2:29 | Queue | Villager (Male) |
| 2:29 | Queue | Villager (Male) |
| 2:30 | Queue | Villager (Male) |
| 3:36 | Queue | Fishing Ship |
| 4:08 | Research | Loom |
| 4:25 | Queue | Villager (Male) |
| 4:35 | Queue | Fishing Ship |
| 4:49 | Build | House |
| 4:53 | Queue | Villager (Male) |
| 5:38 | Queue | Villager (Male) |
| 5:42 | Queue | Fishing Ship |
| 6:05 | Queue | Villager (Male) |
| 6:09 | Build | House |
| 6:26 | Queue | Fishing Ship |
| 6:28 | Queue | Villager (Male) |
| 6:52 | Queue | Villager (Male) |
| 6:52 | Queue | Villager (Male) |
| 7:00 | Build | House |
| 7:10 | Queue | Fishing Ship |
| 7:11 | Queue | Villager (Male) |
| 7:36 | Queue | Villager (Male) |
| 7:53 | Queue | Fishing Ship |
| 7:59 | Queue | Villager (Male) |
| 8:14 | Queue | Villager (Male) |
| 8:23 | Build | Lumber Camp |
| 8:27 | Queue | Villager (Male) |
| 9:26 | Build | House |
| 9:44 | Queue | Villager (Male) |
| 10:08 | Queue | Villager (Male) |
| 10:15 | Build | Dock |
| 10:22 | Queue | Fishing Ship |
| 10:48 | Research | Feudal Age |
| 11:01 | Build | Lumber Camp |
| 11:15 | Build | Dock |
| 11:46 | Build | Mining Camp |
| 11:57 | Queue | Fishing Ship |
| 11:57 | Queue | Fishing Ship |
| 12:01 | Queue | Fishing Ship |
| 12:01 | Queue | Fishing Ship |
| 12:16 | Build | House |
| 12:17 | Build | House |
| 12:21 | Build | House |
| 12:25 | Build | Palisade Gate |
| 12:36 | Build | Palisade Wall |
| 12:58 | Age | Feudal Age |
| 12:59 | Queue | Fire Galley |
| 12:59 | Queue | Fire Galley |
| 13:00 | Queue | Villager (Male) |
| 13:02 | Research | Double-Bit Axe |
| 13:04 | Queue | Villager (Male) |
| 13:17 | Queue | Galley |
| 13:20 | Queue | Fire Galley |
| 13:26 | Queue | Villager (Male) |
| 13:32 | Queue | Fire Galley |
| 13:32 | Queue | Fire Galley |
| 13:41 | Queue | Fire Galley |
| 13:41 | Queue | Fire Galley |
| 13:42 | Queue | Villager (Male) |
| 13:59 | Queue | Fire Galley |
| 14:11 | Queue | Fire Galley |
| 14:14 | Queue | Villager (Male) |
| 14:32 | Build | House |
| 14:33 | Queue | Fire Galley |
| 14:36 | Queue | Villager (Male) |
| 14:41 | Build | House |
| 14:51 | Research | Tech 906 |
| 14:51 | Research | Tech 906 |
| 14:56 | Queue | Fire Galley |
| 15:13 | Build | Mill |
| 15:22 | Queue | Villager (Male) |
| 15:35 | Queue | Fire Galley |
| 15:35 | Queue | Fire Galley |
| 15:43 | Queue | Fire Galley |
| 15:43 | Queue | Fire Galley |
| 15:45 | Queue | Villager (Male) |
| 16:19 | Build | Market |
| 16:29 | Build | Palisade Wall |
| 16:36 | Queue | Villager (Male) |
| 16:39 | Build | Blacksmith |
| 17:20 | Queue | Villager (Male) |
| 17:30 | Build | House |
| 18:16 | Research | Castle Age |
| 18:16 | Research | Castle Age |
| 18:16 | Queue | Galley |
| 18:17 | Queue | Galley |
| 18:17 | Queue | Galley |
| 18:22 | Queue | Galley |
| 18:24 | Queue | Fire Galley |
| 18:24 | Queue | Fire Galley |
| 18:26 | Queue | Villager (Male) |
| 18:43 | Queue | Villager (Male) |
| 19:53 | Queue | Fire Galley ×4 |
| 19:53 | Queue | Fire Galley ×4 |
| 20:12 | Queue | Fire Galley |
| 20:12 | Queue | Fire Galley |
| 20:34 | Queue | Villager (Male) |
| 20:56 | Age | Castle Age |
| 20:59 | Build | Town Center |
| 21:03 | Build | University |
| 21:07 | Research | War Galley (upgrade) |
| 21:08 | Research | War Galley (upgrade) |
| 21:12 | Research | Gillnets |
| 21:12 | Research | Gillnets |
| 21:14 | Research | Bow Saw |
| 21:16 | Queue | Villager (Male) |
| 21:36 | Queue | Fire Galley |
| 21:37 | Queue | Fire Galley |
| 21:54 | Research | Tech 909 |
| 21:54 | Research | Tech 909 |
| 21:56 | Queue | Villager (Male) |
| 22:01 | Queue | Fire Galley |
| 22:01 | Queue | Fire Galley |
| 22:03 | Queue | Villager (Male) |
| 22:16 | Queue | Villager (Male) |
| 22:20 | Research | Tech 908 |
| 22:22 | Queue | Villager (Male) |
| 22:22 | Queue | Villager (Male) |
| 22:23 | Queue | Villager (Male) |
| 22:28 | Queue | Galley |
| 22:28 | Queue | Galley |
| 22:29 | Queue | Villager (Male) |
| 22:35 | Build | Lumber Camp |
| 23:07 | Queue | Galley |
| 23:07 | Queue | Galley |
| 23:12 | Queue | Villager (Male) |
| 23:12 | Queue | Villager (Male) |
| 23:13 | Queue | Villager (Male) |
| 23:13 | Queue | Villager (Male) |
| 23:20 | Build | Monastery |
| 23:23 | Build | Monastery |
| 23:27 | Queue | Villager (Male) |
| 23:31 | Build | House |
| 23:31 | Build | House |
| 23:32 | Build | House |
| 23:32 | Build | House |
| 23:32 | Build | House |
| 23:36 | Queue | Villager (Male) |
| 23:49 | Queue | Fire Galley |
| 23:49 | Queue | Fire Galley |
| 23:49 | Queue | Fire Galley |
| 23:57 | Build | Monastery |
| 24:14 | Build | House |
| 24:14 | Queue | Villager (Male) |
| 24:15 | Queue | Villager (Male) |
| 24:28 | Queue | Villager (Male) |
Build order — GAX | Gabasco
First 150 of 323 actions detected
| 0:38 | Build | Town Center |
| 1:28 | Build | Dock |
| 1:31 | Build | House |
| 2:42 | Queue | Villager (Male) |
| 2:43 | Queue | Villager (Male) |
| 2:43 | Queue | Villager (Male) |
| 2:43 | Queue | Villager (Male) |
| 2:43 | Queue | Villager (Male) |
| 3:49 | Queue | Fishing Ship |
| 3:50 | Queue | Fishing Ship |
| 4:22 | Queue | Villager (Male) |
| 4:38 | Build | House |
| 4:46 | Queue | Villager (Male) |
| 4:47 | Queue | Villager (Male) |
| 5:09 | Queue | Villager (Male) |
| 5:09 | Queue | Villager (Male) |
| 5:40 | Queue | Villager (Male) |
| 5:41 | Queue | Villager (Male) |
| 5:50 | Build | House |
| 6:01 | Queue | Villager (Male) |
| 6:02 | Queue | Villager (Male) |
| 6:17 | Queue | Fishing Ship |
| 6:17 | Queue | Fishing Ship |
| 6:25 | Build | House |
| 6:40 | Queue | Villager (Male) |
| 6:40 | Queue | Villager (Male) |
| 7:04 | Queue | Villager (Male) |
| 7:04 | Queue | Villager (Male) |
| 7:14 | Queue | Villager (Male) |
| 7:17 | Queue | Fishing Ship |
| 7:17 | Queue | Fishing Ship |
| 7:33 | Queue | Fishing Ship |
| 7:33 | Queue | Fishing Ship |
| 7:37 | Queue | Villager (Male) |
| 7:52 | Build | House |
| 8:17 | Queue | Villager (Male) |
| 8:17 | Queue | Villager (Male) |
| 8:20 | Queue | Villager (Male) |
| 8:21 | Queue | Villager (Male) |
| 8:21 | Queue | Villager (Male) |
| 8:48 | Queue | Fishing Ship |
| 8:48 | Queue | Fishing Ship |
| 8:49 | Queue | Villager (Male) |
| 8:49 | Queue | Villager (Male) |
| 9:19 | Queue | Villager (Male) |
| 9:21 | Build | House |
| 9:31 | Queue | Fishing Ship |
| 9:31 | Queue | Fishing Ship |
| 9:58 | Build | Mill |
| 10:29 | Build | Mining Camp |
| 10:44 | Build | House |
| 10:51 | Queue | Villager (Male) |
| 10:51 | Queue | Villager (Male) |
| 11:03 | Research | Feudal Age |
| 11:03 | Research | Feudal Age |
| 11:03 | Research | Feudal Age |
| 12:00 | Build | Lumber Camp |
| 12:20 | Queue | Villager (Male) |
| 12:20 | Research | Loom |
| 13:18 | Age | Feudal Age |
| 13:20 | Build | Market |
| 13:23 | Build | Blacksmith |
| 13:29 | Build | House |
| 13:47 | Build | Mining Camp |
| 14:16 | Research | Castle Age |
| 14:54 | Build | House |
| 14:57 | Build | House |
| 15:30 | Research | Horse Collar |
| 15:33 | Research | Double-Bit Axe |
| 15:33 | Research | Double-Bit Axe |
| 16:03 | Build | House |
| 16:56 | Age | Castle Age |
| 17:05 | Queue | Villager (Male) |
| 17:19 | Build | Castle |
| 17:24 | Queue | Villager (Male) |
| 17:34 | Queue | Villager (Male) |
| 18:04 | Build | House |
| 18:06 | Build | House |
| 18:10 | Queue | Villager (Male) |
| 18:11 | Queue | Villager (Male) |
| 18:17 | Build | Mining Camp |
| 18:26 | Queue | Hussite Wagon |
| 18:27 | Queue | Hussite Wagon |
| 18:31 | Queue | Villager (Male) |
| 18:34 | Build | Monastery |
| 18:50 | Research | Tech 906 |
| 18:50 | Research | Tech 906 |
| 19:03 | Queue | Villager (Male) |
| 19:14 | Queue | Hussite Wagon |
| 19:14 | Queue | Hussite Wagon |
| 19:22 | Queue | Villager (Male) |
| 19:24 | Research | Bow Saw |
| 19:24 | Research | Bow Saw |
| 19:38 | Queue | Monk |
| 19:38 | Queue | Monk |
| 19:44 | Queue | Villager (Male) |
| 19:45 | Queue | Villager (Male) |
| 19:45 | Queue | Villager (Male) |
| 19:45 | Queue | Villager (Male) |
| 19:53 | Build | Barracks |
| 20:15 | Queue | Villager (Male) |
| 20:17 | Queue | Hussite Wagon |
| 20:18 | Queue | Hussite Wagon |
| 20:28 | Queue | Villager (Male) |
| 20:45 | Queue | Hussite Wagon |
| 21:00 | Build | Mill |
| 21:20 | Queue | Hussite Wagon |
| 21:37 | Queue | Villager (Male) |
| 21:44 | Research | Pikeman (upgrade) |
| 21:44 | Research | Pikeman (upgrade) |
| 22:24 | Queue | Villager (Male) |
| 22:27 | Queue | Villager (Male) |
| 22:35 | Build | University |
| 22:36 | Build | House |
| 22:41 | Queue | Villager (Male) |
| 22:44 | Queue | Hussite Wagon |
| 22:44 | Queue | Hussite Wagon |
| 22:57 | Queue | Villager (Male) |
| 23:19 | Build | House |
| 23:21 | Build | House |
| 23:27 | Queue | Villager (Male) |
| 23:34 | Queue | Hussite Wagon |
| 23:46 | Build | House |
| 23:47 | Build | House |
| 23:49 | Build | House |
| 25:02 | Queue | Villager (Male) |
| 25:04 | Research | Ballistics |
| 25:04 | Research | Ballistics |
| 25:07 | Build | House |
| 25:08 | Build | House |
| 25:11 | Build | Town Center |
| 25:13 | Queue | Villager (Male) |
| 25:13 | Queue | Villager (Male) |
| 25:13 | Queue | Villager (Male) |
| 25:28 | Queue | Fishing Ship |
| 25:28 | Queue | Fishing Ship |
| 25:29 | Queue | Fishing Ship |
| 26:07 | Queue | Villager (Male) |
| 26:07 | Queue | Villager (Male) |
| 26:08 | Queue | Villager (Male) |
| 26:17 | Build | Stable |
| 26:22 | Queue | Spearman |
| 26:22 | Queue | Spearman |
| 26:23 | Queue | Spearman |
| 26:33 | Queue | Villager (Male) |
| 26:51 | Build | Farm |
| 26:51 | Build | Farm |
| 26:51 | Build | Farm |
| 26:52 | Build | Farm |
| 26:52 | Build | Farm |
Build order — Hornet-Wing
First 150 of 251 actions detected
| 0:13 | Build | Town Center |
| 0:57 | Build | Dock |
| 1:04 | Build | House |
| 2:27 | Queue | Villager (Male) ×4 |
| 3:21 | Queue | Villager (Male) |
| 3:21 | Queue | Villager (Male) |
| 3:25 | Queue | Fishing Ship |
| 3:27 | Build | House |
| 4:30 | Queue | Villager (Male) |
| 4:36 | Build | House |
| 4:48 | Queue | Villager (Male) |
| 5:22 | Queue | Villager (Male) |
| 5:23 | Queue | Fishing Ship |
| 5:44 | Queue | Villager (Male) |
| 5:55 | Build | House |
| 6:03 | Build | House |
| 6:06 | Queue | Villager (Male) |
| 6:15 | Queue | Fishing Ship |
| 6:36 | Queue | Villager (Male) |
| 6:49 | Queue | Villager (Male) |
| 6:51 | Queue | Fishing Ship |
| 7:19 | Queue | Fishing Ship |
| 7:23 | Queue | Villager (Male) |
| 7:33 | Build | House |
| 7:41 | Build | House |
| 7:44 | Queue | Villager (Male) |
| 8:04 | Queue | Villager (Male) |
| 8:08 | Queue | Fishing Ship |
| 8:19 | Queue | Villager (Male) |
| 8:31 | Queue | Villager (Male) |
| 8:33 | Queue | Fishing Ship |
| 8:46 | Queue | Fishing Ship |
| 9:19 | Queue | Villager (Male) |
| 9:32 | Build | House |
| 9:38 | Build | House |
| 9:47 | Queue | Villager (Male) |
| 9:51 | Build | House |
| 10:15 | Queue | Villager (Male) |
| 10:22 | Build | Settlement |
| 10:25 | Queue | Villager (Male) |
| 10:39 | Queue | Villager (Male) |
| 10:47 | Queue | Fishing Ship |
| 10:48 | Queue | Fishing Ship |
| 10:53 | Build | Dock |
| 11:07 | Build | House |
| 11:23 | Build | House |
| 11:42 | Research | Feudal Age |
| 11:52 | Queue | Fishing Ship |
| 12:13 | Build | Settlement |
| 12:45 | Build | Settlement |
| 13:26 | Research | Loom |
| 13:52 | Age | Feudal Age |
| 13:56 | Build | Market |
| 14:03 | Build | Blacksmith |
| 14:06 | Queue | Villager (Male) |
| 14:26 | Queue | Villager (Male) |
| 14:56 | Research | Castle Age |
| 15:17 | Build | Stone Wall |
| 15:55 | Research | Double-Bit Axe |
| 16:16 | Build | Stone Wall |
| 17:04 | Build | Stone Wall |
| 17:36 | Age | Castle Age |
| 17:42 | Build | Castle |
| 17:54 | Queue | Villager (Male) |
| 17:54 | Queue | Villager (Male) |
| 17:57 | Research | Bow Saw |
| 18:26 | Build | Town Center |
| 18:34 | Research | Fletching |
| 18:35 | Research | Padded Archer Armor |
| 18:41 | Queue | Villager (Male) |
| 19:05 | Build | Settlement |
| 19:11 | Queue | Villager (Male) |
| 19:18 | Queue | Unit 2579 |
| 19:18 | Queue | Unit 2579 |
| 19:26 | Queue | Villager (Male) |
| 19:38 | Queue | Villager (Male) |
| 19:39 | Queue | Unit 2579 |
| 19:49 | Queue | Villager (Male) |
| 20:06 | Build | Town Center |
| 20:09 | Queue | Villager (Male) |
| 20:10 | Queue | Unit 2579 |
| 20:14 | Queue | Unit 2579 |
| 20:15 | Queue | Unit 2579 |
| 20:15 | Queue | Unit 2579 |
| 20:16 | Queue | Villager (Male) |
| 20:28 | Queue | Unit 2579 |
| 20:30 | Queue | Villager (Male) ×2 |
| 20:41 | Queue | Villager (Male) ×2 |
| 20:58 | Research | Bodkin Arrow |
| 21:08 | Queue | Villager (Male) |
| 21:22 | Queue | Villager (Male) |
| 21:27 | Queue | Villager (Male) |
| 21:40 | Queue | Villager (Male) |
| 21:40 | Queue | Villager (Male) |
| 22:08 | Queue | Unit 2579 |
| 22:08 | Queue | Unit 2579 |
| 22:10 | Queue | Villager (Male) |
| 22:11 | Queue | Villager (Male) |
| 22:11 | Queue | Villager (Male) |
| 22:16 | Build | Siege Workshop |
| 22:27 | Queue | Villager (Male) ×2 |
| 22:36 | Queue | Fishing Ship ×5 |
| 22:54 | Queue | Villager (Male) |
| 23:04 | Build | Farm |
| 23:04 | Build | Farm |
| 23:04 | Build | Farm |
| 23:07 | Queue | Mangonel |
| 23:17 | Queue | Villager (Male) ×5 |
| 23:34 | Build | Farm |
| 23:34 | Build | Farm |
| 23:35 | Build | Farm |
| 23:35 | Build | Farm |
| 23:35 | Build | Farm |
| 23:35 | Build | Farm |
| 24:00 | Queue | Mangonel |
| 24:18 | Queue | Mangonel |
| 24:21 | Queue | Villager (Male) ×5 |
| 25:03 | Queue | Unit 2579 ×3 |
| 25:04 | Queue | Villager (Male) ×5 |
| 25:13 | Build | House |
| 25:21 | Queue | Unit 2579 |
| 25:22 | Queue | Villager (Male) |
| 25:26 | Queue | Villager (Male) |
| 25:35 | Build | Castle |
| 26:09 | Build | Castle |
| 26:11 | Queue | Villager (Male) ×5 |
| 26:19 | Queue | Villager (Male) |
| 26:22 | Build | House |
| 26:23 | Build | House |
| 26:31 | Build | House |
| 26:32 | Build | House |
| 26:32 | Build | House |
| 26:32 | Build | House |
| 26:32 | Build | House |
| 26:37 | Build | Dock |
| 26:39 | Build | Dock |
| 26:51 | Build | Settlement |
| 27:01 | Queue | Villager (Male) ×5 |
| 27:03 | Build | Farm |
| 27:04 | Build | Farm |
| 27:04 | Build | Farm |
| 27:04 | Build | Farm |
| 27:04 | Build | Farm |
| 27:05 | Build | Farm |
| 27:05 | Build | Farm |
| 27:05 | Build | Farm |
| 27:05 | Build | Farm |
| 27:06 | Build | Farm |
| 27:06 | Build | Farm |
| 27:13 | Queue | Unit 2579 ×3 |
Match timeline
| 0:57 | Hornet-Wing · first_building Dock |
| 1:24 | The Chancellor · first_building Dock |
| 1:26 | Shotel California · first_building Dock |
| 1:28 | GAX | Gabasco · first_building Dock |
| 11:36 | Shotel California · age_up feudal |
| 12:36 | The Chancellor · wall_segment Palisade Wall x9 |
| 12:58 | The Chancellor · age_up feudal |
| 13:13 | Shotel California · first_market_buy 100 food |
| 13:18 | GAX | Gabasco · age_up feudal |
| 13:31 | Shotel California · first_market_sell 100 wood |
| 13:52 | Hornet-Wing · age_up feudal |
| 14:54 | Hornet-Wing · first_market_sell 100 stone |
| 15:00 | Shotel California · wall_segment Palisade Wall x5 |
| 15:10 | Shotel California · wall_segment Palisade Wall x7 |
| 15:17 | Hornet-Wing · wall_segment Stone Wall x12 |
| 16:16 | Hornet-Wing · wall_segment Stone Wall x10 |
| 16:17 | Shotel California · age_up castle |
| 16:29 | The Chancellor · wall_segment Palisade Wall x1 |
| 16:45 | Hornet-Wing · first_market_buy 100 stone |
| 16:56 | GAX | Gabasco · age_up castle |
| 17:04 | Hornet-Wing · wall_segment Stone Wall x1 |
| 17:09 | GAX | Gabasco · first_market_buy 100 stone |
| 17:19 | GAX | Gabasco · first_building Castle |
| 17:36 | Hornet-Wing · age_up castle |
| 17:38 | The Chancellor · first_market_buy 100 food |
| 17:38 | The Chancellor · first_market_sell 100 wood |
| 17:42 | Hornet-Wing · first_building Castle |
| 18:34 | GAX | Gabasco · first_building Monastery |
| 19:53 | GAX | Gabasco · first_building Barracks |
| 20:56 | The Chancellor · age_up castle |
| 22:16 | Hornet-Wing · first_building Siege Workshop |
| 23:20 | The Chancellor · first_building Monastery |
| 26:17 | GAX | Gabasco · first_building Stable |
| 28:18 | GAX | Gabasco · wall_segment Palisade Wall x2 |
| 28:44 | Shotel California · first_building Barracks |
| 30:21 | Shotel California · first_building Stable |
| 33:15 | The Chancellor · first_building Castle |
| 34:07 | The Chancellor · wall_segment Stone Wall x1 |
| 34:08 | The Chancellor · wall_segment Stone Wall x5 |
| 34:13 | The Chancellor · wall_segment Stone Wall x1 |
| 34:14 | The Chancellor · wall_segment Stone Wall x6 |
| 34:21 | Hornet-Wing · age_up imperial |
| 34:29 | The Chancellor · first_building Barracks |
| 35:44 | The Chancellor · wall_segment Palisade Wall x1 |
| 35:49 | The Chancellor · wall_segment Palisade Wall x1 |
| 36:17 | The Chancellor · age_up imperial |
| 37:24 | Shotel California · first_building Castle |
| 37:34 | Shotel California · first_building Monastery |
| 39:47 | GAX | Gabasco · age_up imperial |
| 40:55 | The Chancellor · first_building Stable |
| 42:12 | Shotel California · age_up imperial |
| 44:35 | Shotel California · resign |
[ AI ANALYSIS · 1 CREDIT ]
What really happened in this match?
Wolo.gg analyzes every decision: build order, eco, micro, common mistakes by bracket. Personalized analysis on WhatsApp or Discord in 30 seconds.
Civ guide
Portuguese
Perfil
Jugador #24046675